Unix NetHack Version 5.0.0-0 post-release - last build May  4 2026 22:22:43 (774f63e81ad911689b3a0859ea89b322d5daca8d,branch:main).

Game began 2026-05-06 16:30:56, ended 2026-05-06 16:46:48.

BeardyHaddock, chaotic male elven Wizard

                                              ----------------
                                             #......>........|
                        --------------    ####|..............|
                        |...........(|   ##   -------.--------
     ----------     ####.............|   #           #
     |.........######   |.....*....**+######       ###
     |........|         |............|#### ####    #
     |........|  $      |@............#       #`#  #         ---
     |........|         --------------          #` #         |..
     |........|                                  ##########  |..
     |........|  $ $                               #      # #-.>
     ----------                                    #        #|..
                     $                             #
                                                 --|-.---
                                                 |......|
                                                 |......|
                                                 |..<...|
                                                 --------

BeardyHaddock the Conjurer  St:9 Dx:13 Co:12 In:20 Wi:12 Ch:10  Chaotic
Dlvl:4  $:88 HP:0(32) Pw:40(40) AC:8  Xp:4 T:1823  Blind

Latest messages:
 You kick a large box.
 THUD!
 In what direction? 8
 You kick a large box.
 THUD!
 In what direction? 8
 You kick a large box.
 THUD!
 In what direction? 8
 You kick a large box.
 THUD!
 The kitten drops a rock.
 In what direction? 8
 You kick a large box.
 THUD!
 You break open the lock!
 You see here a broken large box.
 A - a dull spellbook.
 What do you want to read? [jkluA or ?*] A
 This spellbook is difficult to comprehend.  Continue? [yn] (n) y
 A cloud of darkness falls upon you.
 The spellbook crumbles to dust!
 Call a dull spellbook: cursed
 You can move again.
 You hear some noises.
 It bites!
 It bites!
 It bites!
 You hear some noises.
 You hear some noises in the distance.
 You hear some noises in the distance.
 It bites!
 It bites!
 You hear some noises in the distance.
 It bites!
 It kicks!
 It bites!
 It kicks!
 It bites!
 It kicks!
 It bites!
 It kicks!
 It bites!
 It bites!
 You die...
 Do you want your possessions identified? [ynq] (y) n
 Do you want to see your attributes? [ynq] (y) n
 Do you want an account of creatures vanquished? [ynaq] (y) n
 Do you want to see your conduct and achievements? [ynq] (y) n
 Do you want to see the dungeon overview? [ynq] (y) n

Inventory:
 Coins    ('$')
  $ - 88 gold pieces
 Weapons  (')')
  v - a +0 dwarvish mattock (alternate weapon; not wielded)
  a - a blessed +1 quarterstaff (weapon in hands)
 Armor    ('[')
  s - an uncursed +0 cornuthaum (being worn)
  b - a blessed +1 cloak of magic resistance (being worn)
 Comestibles  ('%')
  z - an uncursed food ration
  y - 2 uncursed tripe rations
 Scrolls  ('?')
  j - a blessed scroll of identify
  u - a cursed scroll of light
 Spellbooks  ('+')
  l - an uncursed spellbook of extra healing
  k - a blessed spellbook of force bolt
 Potions  ('!')
  p - a blessed potion of healing
  f - 2 uncursed potions of healing
 Rings    ('=')
  e - an uncursed ring of fire resistance
  d - an uncursed ring of see invisible
 Wands    ('/')
  c - a wand of lightning (0:6)
 Tools    ('(')
  o - an uncursed wooden flute
  n - an uncursed blindfold
  m - a magic marker (0:22)
  t - a cursed oil lamp
 Gems/Stones  ('*')
  w - an uncursed worthless piece of blue glass
  r - 2 uncursed worthless pieces of yellowish brown glass

BeardyHaddock the Wizard's attributes:

Background:
 You were a Conjurer, a level 4 male elven Wizard.
 You were chaotic, nominally on a mission for Anhur
 who was opposed by Ptah (lawful) and Thoth (neutral).
 You were right-handed.
 You were in the Dungeons of Doom, on level 4.
 You entered the dungeon 1823 turns ago.
 You had 115 experience points, 45 more were needed to attain level 5.

Basics:
 You had 0 out of 32 hit points.
 You had all 40 energy points (spell power).
 Your armor class was 8.
 Your wallet contained 88 zorkmids.
 Autopickup was off.

Final Characteristics:
 Your strength was 9 (limit:18).
 Your dexterity was 13 (limit:18).
 Your constitution was 12 (limit:16).
 Your intelligence was 20 (limit:20).
 Your wisdom was 12 (limit:20).
 Your charisma was 10 (base:9, limit:18).

Final Status:
 You were temporarily blind.
 You weren't hungry.
 You were unencumbered.
 You were wielding a quarterstaff.
 You had basic skill with quarterstaff.

Final Attributes:
 You were devoutly aligned.
 You were magic-protected.
 You were sleep resistant.
 You were clairvoyant.
 You had infravision.
 You were warded.
 You are dead.

Miscellaneous:
 You didn't encounter any bones levels.
 Total elapsed playing time was 15 minutes and 51 seconds.

Major events:
 Turn
    1: BeardyHaddock the chaotic male elven Wizard entered the dungeon
  655: attained the rank of Conjurer (level 3)
 1823: killed by a rock mole

Spells:
 Name                 Level Category     Fail Retention
 force bolt             1   attack         0%  91%-100%
 extra healing          3   healing       63%  76%-100%

Skills:
 Fighting Skills
   bare handed combat [Unskilled]
   riding             [Unskilled]
 Weapon Skills
   dagger             [Unskilled]
   knife              [Unskilled]
   axe                [Unskilled]
   short sword        [Unskilled]
   club               [Unskilled]
   mace               [Unskilled]
   quarterstaff       [Basic]
   polearms           [Unskilled]
   spear              [Unskilled]
   trident            [Unskilled]
   sling              [Unskilled]
   dart               [Unskilled]
   shuriken           [Unskilled]
 Spellcasting Skills
   attack spells      [Basic]
   healing spells     [Unskilled]
   divination spells  [Unskilled]
   enchantment spells [Basic]
   clerical spells    [Unskilled]
   escape spells      [Unskilled]
   matter spells      [Unskilled]

Voluntary challenges:
 Character rerolling was not enabled.
 You were an atheist.
 You never genocided any monsters.
 You never polymorphed an object.
 You never changed form.
 You used no wishes.
Achievement:
 You attained the rank of Conjurer.

 The Dungeons of Doom: levels 1 to 4
    Level 1:
       A fountain.
    Level 2:
    Level 3:
       An altar, some fountains, a sink.
    Level 4: <- You were here.
       Final resting place for
          you, killed by a rock mole.


Vanquished creatures:
  a rock piercer
  2 fog clouds
 an acid blob
  2 coyotes
  a hobbit
  a large kobold
  a giant rat
  4 cave spiders
  a gnome zombie
  4 jackals
  2 kobolds
  a goblin
  3 sewer rats
  3 grid bugs
  2 bats
  3 lichens
  2 kobold zombies
  5 newts
39 creatures vanquished.

No species were genocided or became extinct.

Game over:
                       ----------
                      /          \
                     /    REST    \
                    /      IN      \
                   /     PEACE      \
                  /                  \
                  |  BeardyHaddock   |
                  |      88 Au       |
                  | killed by a rock |
                  |       mole       |
                  |                  |
                  |                  |
                  |       2026       |
                 *|     *  *  *      | *
        _________)/\\_//(\/(/\)/\//\/|_)_______

Goodbye BeardyHaddock the Wizard...

You died in The Dungeons of Doom on dungeon level 4 with 614 points,
and 88 pieces of gold, after 1823 moves.
You were level 4 with a maximum of 32 hit points when you died.

